Map: King's Cove LE

Players

DarwinAwdWnr - Winner!

  • Race: Zerg Zerg
  • League: Silver
  • Spawn Location: 5:00

meatball

  • Race: Terran Terran
  • League: Platinum
  • Spawn Location: 11:00

VOD

Have the link to the VOD?

Description

Time

  • Played on: June 16, 2019, 2:59 p.m.
  • Length: 17:19
Show
View Real Time Build Order
Export as new Build Order

DarwinAwdWnr Zerg - Winner!

Build Orders: Hatch First 

Get SALT Encoding   

  12  0:03  Drone  
  13  0:12  Drone  
  14  0:18  Overlord  
  14  0:37  Drone x2  
  16  0:52  Hatchery  
  16  0:54  Drone  
  16  1:03  Drone x2  
  18  1:11  Drone  
  19  1:16  Extractor  
  18  1:20  Drone  
  19  1:27  Spawning Pool  
  19  1:31  Drone  
  19  1:51  Drone  
  19  1:52  Overlord  
  20  2:03  Drone  
  21  2:10  Hatchery  
  20  2:16  Zergling x4  
  20  2:22  Metabolic Boost  
  22  2:30  Queen  
  24  2:37  Queen  
  26  2:52  Drone x4  
  30  3:04  Overlord  
  30  3:05  Drone x2  
  32  3:14  Baneling Nest  
  31  3:23  Drone x4  
  35  3:36  Drone x4  
  35  3:39  Queen  
  41  3:48  Queen  
  43  4:00  Roach Warren  
  42  4:06  Queen  
  44  4:21  Drone  
  44  4:22  Zergling x6, Drone x2  
  44  4:23  Overlord x3  
  49  4:49  Zergling x2  
  49  4:50  Zergling x26  
  61  5:02  Baneling  
  61  5:03  Baneling x8  
  61  5:13  Baneling  
  60  5:14  Baneling x7  
  60  5:26  Zergling x2  
  60  5:27  Zergling x10  
  54  5:43  Drone  
  54  5:44  Drone x3  
  58  5:53  Lair  
  58  6:00  Extractor  
  58  6:01  Hatchery  
  58  6:03  Extractor  
  58  6:04  Extractor  
  54  6:15  Overlord x2  
  54  6:30  Drone x3, Zergling x4  
  54  6:31  Zergling x2  
  60  6:46  Hatchery  
  59  7:02  Spire  
  58  7:12  Overseer  
  58  7:23  Drone x2  
  58  7:24  Drone x11, Queen  
  73  7:37  Roach  
  73  7:38  Roach x3  
  73  7:40  Glial Reconstitution  
  71  8:11  Roach  
  71  8:12  Roach x11  
  95  8:13  Nydus Network  
  94  8:37  Overseer  
  94  8:50  Overlord, Roach  
  94  8:51  Overlord  
  94  8:55  Nydus Canal  
  96  9:44  Roach  
  96  9:45  Roach x7  
  112  9:46  Overlord x3  
  112  9:52  Nydus Canal  
  112  9:53  Overlord x2  
  112  9:54  Overlord  
  112  10:00  Nydus Canal  
  112  10:05  Ravager, Mutalisk  
  112  10:06  Mutalisk x8  
  131  10:16  Mutalisk  
  131  10:17  Overlord  
  131  10:18  Overlord  
  133  10:29  Extractor  
  133  10:31  Extractor  
  131  10:50  Mutalisk  
  131  10:51  Mutalisk x3  
  139  11:08  Mutalisk x2  
  139  11:09  Hatchery  
  139  11:10  Drone  
  139  11:11  Overlord x4, Drone x3  
  134  11:33  Mutalisk  
  134  11:34  Mutalisk  
  138  11:49  Zergling x2  
  138  11:50  Zergling x28  
  153  12:25  Nydus Canal  
  155  12:30  Roach  
  123  12:53  Roach  
  123  12:54  Roach x21  
  123  12:55  Roach x2  
  161  13:05  Nydus Canal  
  161  13:11  Evolution Chamber  
  160  13:13  Evolution Chamber  
  159  13:32  Overlord x3  
  159  13:38  Zerg Ground Armor Level 1, Zerg Missile Weapons Level 1  
  159  13:39  Infestation Pit  
  158  13:43  Hydralisk Den  
  158  13:46  Baneling x11  
  158  13:47  Baneling x19  
  120  14:27  Roach  
  120  14:28  Roach x21  
  158  14:48  Zergling x20  
  168  14:55  Extractor  
  168  14:57  Extractor  
  166  15:11  Hive  
  166  15:17  Hatchery  
  166  15:18  Zergling x2  
  166  15:19  Zergling x26  
  166  15:21  Baneling x8  
  179  15:22  Baneling  
  179  15:23  Baneling  
  179  15:53  Baneling x4  
  179  15:54  Baneling x14  
  131  16:54  Roach x5  
  131  16:55  Roach x9  
Show
View Real Time Build Order
Export as new Build Order

meatball Terran 

Build Orders: 1/1/1 

Get SALT Encoding   

  12  0:00  SCV  
  13  0:13  SCV  
  14  0:19  Supply Depot  
  14  0:25  SCV  
  15  0:31  Refinery  
  15  0:40  SCV  
  16  0:46  Barracks  
  16  1:05  SCV  
  17  1:17  SCV  
  18  1:21  Refinery  
  18  1:29  SCV  
  19  1:36  Factory, Marine  
  20  1:48  Orbital Command  
  20  2:06  Barracks Reactor  
  20  2:11  Supply Depot  
  20  2:19  SCV  
  20  2:21  Starport, Factory Tech Lab  
  21  2:38  Supply Depot  
  23  2:51  Hellion x2  
  23  2:52  Marauder  
  27  2:59  Medivac  
  29  3:13  Hellion x2, Marauder  
  35  3:21  Supply Depot  
  35  3:35  Marauder  
  35  3:36  Concussive Shells  
  37  3:41  Armory  
  37  3:46  Medivac  
  39  3:55  Hellion  
  41  4:00  Hellion  
  43  4:06  Marauder  
  45  4:14  Supply Depot  
  45  4:26  Hellion  
  47  4:35  Hellion, Medivac  
  51  4:39  Supply Depot  
  51  5:09  Command Center, Marauder  
  34  5:55  Starport Reactor, Barracks  
  34  5:57  Widow Mine x2  
  34  5:58  Barracks  
  38  6:05  Stimpack  
  38  6:07  Marine  
  39  6:25  Marine  
  40  6:42  Marine  
  41  6:48  Engineering Bay  
  41  6:50  Barracks Reactor, Engineering Bay  
  41  6:51  Factory Tech Lab  
  41  6:53  Barracks Reactor  
  41  7:00  Marine  
  42  7:07  Orbital Command  
  41  7:18  Marine  
  41  7:22  Bunker  
  42  7:25  Terran Infantry Weapons Level 1  
  42  7:31  Terran Infantry Armor Level 1  
  42  7:36  Marine  
  43  7:45  Factory  
  43  7:53  SCV  
  43  7:54  Marine  
  43  7:55  SCV  
  44  8:05  SCV  
  45  8:16  Siege Tank  
  45  8:17  SCV x2  
  50  8:22  Marine  
  50  8:23  Marine  
  52  8:28  Combat Shield, Marine x3  
  52  8:29  SCV x2  
  56  8:42  SCV  
  56  8:46  Marauder  
  56  8:48  Siege Tank  
  62  8:53  Refinery, SCV  
  62  8:54  SCV  
  64  9:08  Marauder  
  66  9:16  Marine x4  
  70  9:21  Siege Tank  
  70  9:23  Medivac  
  70  9:24  Medivac  
  77  9:28  Marine  
  78  9:39  Supply Depot  
  78  9:42  Terran Infantry Weapons Level 2  
  78  9:47  Supply Depot  
  78  9:57  Liberator x2  
  78  10:00  SCV, Marine x3  
  78  10:04  Supply Depot  
  82  10:12  SCV  
  86  10:18  Refinery, Marine x3, Marauder  
  94  10:25  Terran Infantry Armor Level 2  
  94  10:26  SCV  
  95  10:30  Terran Vehicle Weapons Level 1  
  95  10:46  Marine x4  
  95  10:47  Marine  
  100  10:59  Supply Depot  
  100  11:07  Supply Depot  
  100  11:17  Thor  
  97  11:39  Widow Mine x2  
  101  11:46  Command Center  
  101  11:52  SCV x2  
  103  12:00  Widow Mine x2  
  107  12:04  SCV x2  
  109  12:16  SCV x2  
  109  12:19  Terran Infantry Weapons Level 3  
  111  12:24  Terran Vehicle And Ship Armor Level 1  
  111  12:28  SCV x2  
  98  13:08  Marine  
  98  13:09  Marine x3, Marauder  
  98  13:12  Terran Infantry Armor Level 3  
  104  13:16  SCV  
  105  13:26  Marine x3  
  107  13:27  Marine  
  107  13:30  Marauder  
  111  13:44  Marine x4  
  113  13:52  Marauder  
  115  14:02  Marine x4  
  91  14:13  Marauder  
  76  14:20  Marine x4  
  76  14:22  Thor  
  84  14:29  Barracks  
  82  14:35  Marauder  
  82  14:37  Marine  
  82  14:38  Marine x3  
  85  14:55  Marine x2  
  85  14:56  Marine, Marauder  
  85  14:58  Orbital Command  
  90  15:05  Thor, Medivac x2  
  100  15:17  Marauder  
  102  15:31  Marine x4  
  102  15:34  Barracks Reactor  
  106  15:38  Drilling Claws  
  106  15:39  Marauder  
  106  15:40  Widow Mine  
  106  15:41  Widow Mine  
  106  15:42  Orbital Command  
  112  15:45  SCV x2  
  112  15:48  Thor  
  120  16:00  Marauder  
  122  16:10  Refinery  
  122  16:13  Refinery  
  122  16:19  SCV x3  
  122  16:22  Marauder  
  127  16:31  SCV x3  
  130  16:33  Widow Mine  
  130  16:39  Widow Mine  
  132  16:43  SCV, Marauder  
  79  16:55  Widow Mine  
  79  17:00  Marine x4  
  79  17:01  Marine x2  
Tags
 
Matchup
TvZ
Replay Pack
10.7.19
Spawn Locations
Cross Positions
Add a new tag
Caveats
  • Supply blocks, unpowered buildings, or Contaminate may cause inaccurate times.
  • Supply counts are checked every 10 seconds.